AoeStats
← TimesCrazed

Arabia

503353893Analyzed
1v1 RM · 1mo ago on Aug 31, 2026· 47m 7s· 2 players
Game mode
Random Map
Map size
Tiny (2 player)
Population
200
Speed
Normal
Resources
Standard
Victory
Conquest
Starting age
Dark Age
Ending age
Imperial Age
RankedLock teamsTeams togetherTeam positionsShared explorationLock speedFull tech treeHidden civsTurbo modeCheats
Victory
Defeat
🇨🇳 Byzantines · China
1115
+14
🇫🇷 Japanese · France
1080
-14
7kimal3rab
0:58 Loom
3:12 Loom
5:02 Loom
10:49 Feudal Age
11:24 Double-Bit Axe
11:10 Man-at-Arms
21:29 Castle Age
21:08 Gold Mining
21:55 Scale Mail Armor
22:33 Bow Saw
22:53 Horse Collar
24:17 Pikeman
28:01 Forging
29:46 Wheelbarrow
29:39 Chain Mail Armor
29:34 Long Swordsman
37:09 Iron Casting
36:39 Squires
37:32 Heavy Plow
40:58 Hand Cart
41:54 Fletching
45:34 Imperial Age
44:01 Ballistics
43:38 Bodkin Arrow
43:59 Padded Archer Armor
43:56 Gambesons
45:57 Leather Archer Armor
45:48 Two-Handed Swordsman
47:25 Gold Shaft Mining
TimesCrazed
7:02 Loom
9:12 Feudal Age
9:48 Double-Bit Axe
9:43 Horse Collar
16:03 Gold Mining
18:12 Scale Barding Armor
18:49 Wheelbarrow
22:33 Castle Age
21:12 Forging
23:36 Chain Barding Armor
23:19 Heavy Plow
23:31 Bow Saw
23:50 Husbandry
30:26 Iron Casting
30:57 Fletching
34:22 Bodkin Arrow
36:11 Elite Skirmisher
39:17 Hand Cart
39:21 Padded Archer Armor
39:29 Thumb Ring
40:34 Ballistics
43:54 Imperial Age
41:35 Greek Fire
44:29 Leather Archer Armor
43:49 Light Cavalry
45:08 Conscription
45:54 Chemistry
45:58 Plate Barding Armor
46:42 Logistica
46:42 Elite Cataphract
47:27 Scale Mail Armor
Connection lost

Rejoining the realm…

Still unreachable

The connection could not be restored.

Session expired

The server has moved on; the page needs a fresh start.